 Dungeon Crawl Stone Soup version 0.29-a0-40-g8eb35efe60 (webtiles) character file.

Game seed: 14356389065988106734

411 enile the Magician (level 6, -22/35 HPs)
             Began as a Deep Elf Earth Elementalist on Feb 1, 2022.
             Was a Believer of Ru.
             Annihilated by a two-headed ogre (28 damage)
             ... on level 5 of the Dungeon.
             The game lasted 00:09:08 (5299 turns).

enile the Magician (Deep Elf Earth Elementalist)    Turns: 5299, Time: 00:09:08

Health: -22/35     AC:  6    Str:  5    XL:     6   Next: 58%
Magic:  0/15       EV: 11    Int: 22    God:    Ru [**....]
Gold:   188        SH:  0    Dex: 15    Spells: 7/15 levels left

rFire   + + .      SeeInvis .   h - +1 dagger (elec)
rCold   x . .      Faith    .   (no shield)
rNeg    . . .      Spirit   .   b - +1 robe
rPois   .          Reflect  .   (no helmet)
rElec   .          Harm     .   (no cloak)
rCorr   .          Rampage  .   f - +2 pair of gloves
Will    .....                   (no boots)
Stlth   ++........              (no amulet)
HPRegen 0.11/turn               e - ring of fire
MPRegen 0.14/turn               r - ring of protection from fire

@: no status effects
A: inability to train dodging, missing an eye
a: Renounce Religion


You were on level 5 of the Dungeon.
You worshipped Ru.
Ru was pleased with you.
You visited 1 branch of the dungeon, and saw 5 of its levels.

You collected 188 gold pieces.

Inventory:

Hand Weapons
 a - a +0 short sword
 d - a +1 dagger of venom
 h - a +1 dagger of electrocution (weapon)
 i - a +4 short sword
Missiles
 c - 119 stones
Armour
 b - a +1 robe (worn)
 f - a +2 pair of gloves (worn)
Jewellery
 e - a ring of fire (left hand)
 r - a ring of protection from fire (right hand)
Wands
 m - a wand of paralysis (11)
Scrolls
 j - 3 scrolls of teleportation {unknown}
 l - a scroll of enchant weapon {unknown}
 t - a scroll of identify
 u - a scroll of vulnerability {unknown}
Potions
 g - 3 potions of heal wounds
 k - a potion of berserk rage {unknown}
 n - a potion of degeneration {unknown}
 o - 3 potions of mutation {unknown}
 p - a potion of lignification {unknown}
 q - a potion of attraction {unknown}
 s - a potion of flight {unknown}


   Skills:
 - Level 2.0 Fighting
 + Level 3.2 Stealth
 - Level 5.0 Spellcasting
 - Level 4.0 Conjurations
 - Level 1.2 Transmutations
 - Level 5.0 Earth Magic


You had 7 spell levels left.
You knew the following spells:

 Your Spells              Type           Power      Damage    Failure   Level
a - Sandblast             Erth           54%        2d13      1%          1
b - Stone Arrow           Conj/Erth      50%        3d10      4%          3
c - Petrify               Tmut/Erth      19%        N/A       28%         4

Your spell library contained the following spells:

 Spells                   Type           Power      Damage    Failure   Level
 Passwall                 Tmut/Erth      15%        N/A       4%          2


Dungeon Overview and Level Annotations

Branches:
Dungeon (5/15)             Temple (0/1) D:4

Altars:
Ru
Yredelemnul

Annotations:
D:3 3 runed translucent doors, enile's ghost, amateur DgWn


Innate Abilities, Weirdness & Mutations

You cannot train Dodging skill.
You are missing an eye, making it more difficult to aim.


Message History

The two-headed ogre shouts in stereo!
A two-headed ogre is nearby!
A two-headed ogre is nearby!
Casting: Stone Arrow (dangerous; 4% risk of failure)
Confirm with . or Enter, or press ? or * to list all spells.
Aiming: Stone Arrow (dangerous; 4% risk of failure)
Press: ? - help, Shift-Dir - straight line, f/p - two-headed ogre
Aim: a two-headed ogre, wielding two +0 giant clubs (moderately wounded, 73% to hit)
The stone arrow hits the two-headed ogre!
The two-headed ogre is heavily wounded.
A two-headed ogre is nearby!
Casting: Stone Arrow (dangerous; 4% risk of failure)
Confirm with . or Enter, or press ? or * to list all spells.
Aiming: Stone Arrow (dangerous; 4% risk of failure)
Press: ? - help, Shift-Dir - straight line, f/p - two-headed ogre
Aim: a two-headed ogre, wielding two +0 giant clubs (heavily wounded, 73% to hit)
The stone arrow misses the two-headed ogre.
The two-headed ogre barely misses you.
The two-headed ogre hits you with a +0 giant club!
Casting: Stone Arrow (dangerous; 4% risk of failure)
Confirm with . or Enter, or press ? or * to list all spells.
Aiming: Stone Arrow (dangerous; 4% risk of failure)
Press: ? - help, Shift-Dir - straight line, f/p - two-headed ogre
Aim: a two-headed ogre, wielding two +0 giant clubs (heavily wounded, 73% to hit)
The stone arrow hits the two-headed ogre!
The two-headed ogre is severely wounded.
The two-headed ogre completely misses you.
The two-headed ogre hits you with a +0 giant club!
* * * LOW HITPOINT WARNING * * *
Casting: Stone Arrow (dangerous; 4% risk of failure)
Confirm with . or Enter, or press ? or * to list all spells.
Aiming: Stone Arrow (dangerous; 4% risk of failure)
Press: ? - help, Shift-Dir - straight line, f/p - two-headed ogre
Aim: a two-headed ogre, wielding two +0 giant clubs (severely wounded, 73% to hit)
The stone arrow hits the two-headed ogre.
The two-headed ogre is almost dead.
The two-headed ogre barely misses you.
The two-headed ogre hits you with a +0 giant club!!
Ouch! That really hurt!
You die...

#......# #......#
#<.....# #......#
#......########
....#####.....†..#
.....#...#........#
......#...#........#
......#..O@........+
......#..##........#
#### #. #......####
.. #......+ ..
+......# .. #......#
. #......# #..>...#
#......#


You could see a two-headed ogre.

Vanquished Creatures
  Menkaure (D:4)
  A hound (D:5)
  A bullfrog skeleton (D:4)
  Terence (D:3)
  A howler monkey zombie (D:3)
  A river rat (D:3)
  8 adders
  An adder zombie (D:3)
  6 dart slugs
  4 worms
  3 orcs (D:3)
  7 ball pythons
  2 bats
  6 endoplasms
  4 giant cockroaches
  7 goblins
  8 hobgoblins
  8 jackals (D:2)
  3 quokkas
  10 frilled lizards
  A jackal skeleton (D:4)
  8 kobolds
  9 rats
101 creatures vanquished.

Notes
Turn   | Place    | Note
-------+----------+-------------------------------------------
     0 | D:1      | enile the Deep Elf Earth Elementalist began the quest for
                  | the Orb.
     0 | D:1      | Reached XP level 1. HP: 10/10 MP: 6/6
    88 | D:1      | Found a faded altar of an unknown god.
   177 | D:1      | Prayed at the altar of an unknown god.
   177 | D:1      | Became a worshipper of Ru the Awakened
   230 | D:1      | Gained mutation: You cannot train Dodging skill. [Ru
                  | sacrifice]
   230 | D:1      | Reached * piety under Ru
   294 | D:1      | Reached skill level 1 in Fighting
   296 | D:1      | Reached XP level 2. HP: 16/16 MP: 5/8
   868 | D:2      | Reached XP level 3. HP: 20/20 MP: 6/10
  1002 | D:2      | Learned a level 3 spell: Stone Arrow
  1201 | D:2      | Reached skill level 1 in Conjurations
  1552 | D:2      | Reached XP level 4. HP: 25/25 MP: 8/12
  2069 | D:3      | Found a runed translucent gate.
  2069 | D:3      | Found a runed translucent gate.
  2069 | D:3      | Found a runed translucent gate.
  2069 | D:3      | Noticed enile's ghost (amateur DgWn)
  2455 | D:3      | Reached XP level 5. HP: 22/29 MP: 0/13
  2779 | D:3      | Reached skill level 5 in Spellcasting
  2854 | D:3      | Found a basalt altar of Yredelemnul.
  3132 | D:3      | Gained mutation: You are missing an eye, making it more
                  | difficult to aim. [Ru sacrifice]
  3132 | D:3      | Reached ** piety under Ru
  3575 | D:3      | Noticed Terence
  3578 | D:3      | Killed Terence
  3588 | D:3      | Learned a level 4 spell: Petrify
  3893 | D:4      | Noticed Menkaure
  3899 | D:4      | Killed Menkaure
  3900 | D:4      | Reached XP level 6. HP: 35/35 MP: 1/15
  4373 | D:4      | Reached skill level 5 in Earth Magic
  4444 | D:4      | Found a staircase to the Ecumenical Temple.
  5233 | D:5      | Entered Level 5 of the Dungeon
  5294 | D:5      | Noticed a two-headed ogre
  5299 | D:5      | Annihilated by a two-headed ogre

Illustrated notes

Levels and vault maps discovered:
D:1:      minmay_arrival_plants_in_alcoves, layout_basic,
          shapermc_ecumenical_altar_mp_highgroup
D:2:      layout_basic
D:3:      layout_basic, nicolae_yredelemnul_ghost_church,
          lightli_sewer_entry_pipes, guppyfry_early_orc_mine, uniq_terence
D:4:      layout_layer_cave, minmay_temple_entry_waves, serial_bayou_ford_a,
          uniq_menkaure
D:5:      layout_gridville, lemuel_round_altar

Skill      XL: |  1  2  3  4  5  6 |
---------------+-------------------+-----
Dodging        | 0 |  0.0
Fighting       | 1 2 |  2.0
Earth Magic    | 4 5 |  5.0
Spellcasting   | 4 5 |  5.0
Conjurations   | 1 3 4 |  4.0
Stealth        | 3 |  3.2
Transmutations | |  1.2

Action                   |  1- 3 |  4- 6 || total
-------------------------+-------+-------++-------
Melee: Dagger            |    32 |    37 ||    69
 Cast: Sandblast         |    35 |    15 ||    50
       Stone Arrow       |    10 |    60 ||    70
       Petrify           |       |     1 ||     1
Invok: Sacrifice Nimblen |     1 |       ||     1
       Sacrifice an Eye  |       |     1 ||     1
  Use: Scroll            |     1 |     2 ||     3
       Potion            |     1 |       ||     1
 Stab: Sleeping          |     2 |       ||     2
Armor: Robe              |     8 |    20 ||    28
Dodge: Dodged            |    24 |    34 ||    58

Table legend: (Time is in decaauts)
 A = Elapsed time spent in this place.
 B = Non-inter-level travel time spent in this place.
 C = Inter-level travel time spent in this place.
 D = Time resting spent in this place.
 E = Time spent auto-exploring this place.
 F = Levels seen in this place.
 G = Mean time per level.
                   A        B        C        D        E       F      G
               +--------+--------+--------+--------+--------+-----+--------+
         Total |   5353 |   5205 |    148 |      0 |   4378 |   5 | 1070.6 |
       Dungeon |   5353 |   5205 |    148 |      0 |   4378 |   5 | 1070.6 |
               +--------+--------+--------+--------+--------+-----+--------+

Top non-repeatable levels by time:
     D:3: 1848 daAuts
     D:4: 1443 daAuts
     D:2: 1193 daAuts
     D:1: 802 daAuts
     D:5: 65 daAuts
